 Dungeon Sprint DCSS version 0.29-a0-384-g6960b1960d (webtiles) character file.

Game seed: 16671295085610911946

18676 mhtbhm the Executioner (level 12, -17/134 HPs)
             Began as a Minotaur Berserker on May 7, 2022.
             Was the Champion of Trog.
             Demolished by a death knight
             ... wielding a +1 battleaxe
              (25 damage)
             ... in the Dungeon (Sprint VII: "The Pits").
             The game lasted 00:05:07 (3268 turns).

mhtbhm the Executioner (Minotaur Berserker)         Turns: 3268, Time: 00:05:09

Health: -17/134    AC: 18    Str: 31    XL:     12   Next: 29%
Magic:  11/11      EV: 15    Int:  4    God:    Trog [******]
Gold:   55         SH: 10    Dex:  9    Spells: 11/11 levels left

rFire   . . .      SeeInvis .   a - +7 broad axe (vorpal)
rCold   . . .      Faith    .   p - +0 buckler
rNeg    . . .      Spirit   .   b - +0 swamp dragon scales
rPois   +          Reflect  +   (helmet restricted)
rElec   .          Harm     .   n - +0 cloak
rCorr   .          Rampage  .   o - +0 pair of gloves
Will    .....      NoTele   +   (no boots)
Stlth   ++........              w - amulet of reflection
HPRegen 0.32/turn               h - +3 ring of protection
MPRegen 0.12/turn               k - +3 ring of strength

@: on berserk cooldown, slowed, very slow
A: horns 2, retaliatory headbutt
a: Renounce Religion, Berserk, Trog's Hand, Brothers in Arms


You were in the Dungeon.
You worshipped Trog.
Trog was exalted by your worship.
You visited 1 branch You collected 55 gold pieces.

Inventory:

Hand Weapons
 a - a +7 vorpal broad axe (weapon)
 r - a +4 war axe of flaming
 E - a +9 executioner's axe
Missiles
 s - 6 silver javelins (quivered)
 D - a throwing net
Armour
 b - +0 swamp dragon scales (worn)
 m - a +4 scale mail
 n - a +0 cloak (worn)
 o - a +0 pair of gloves (worn)
 p - a +0 buckler (worn)
Jewellery
 h - a +3 ring of protection (left hand)
 k - a +3 ring of strength (right hand)
 t - a ring of protection from cold
 v - a ring of protection from cold
 w - an amulet of reflection (around neck)
Scrolls
 j - a scroll of summoning
 y - a scroll of identify
 z - 4 scrolls of enchant armour
 A - a scroll of fear
 B - 2 scrolls of fog
 C - 2 scrolls of enchant weapon
Potions
 c - 9 potions of curing
 d - 7 potions of heal wounds
 e - 2 potions of haste
 f - 4 potions of magic
 g - 6 potions of berserk rage
 i - 2 potions of invisibility
 l - 3 potions of might
 u - a potion of mutation
Miscellaneous
 q - a condenser vane
 x - a lightning rod (4/4)


   Skills:
 + Level 20.7 Fighting
 + Level 22.2 Axes
 + Level 14.9 Armour
 + Level 13.3 Dodging
 - Level 6.5 Stealth
 + Level 6.7 Shields


You had 11 spell levels left.
You didn't know any spells.
Your spell library was empty.

Dungeon Overview and Level Annotations

Branches:
Dungeon (1/1)

Altars:


Innate Abilities, Weirdness & Mutations

You have a pair of horns on your head.
You reflexively headbutt those who attack you in melee.


Message History

Something hits you but does no damage. You block something's attack.
The death knight hits you with a +1 battleaxe.
* * * LOW HITPOINT WARNING * * *
Unknown command.
You feel much better. Something hits you but does no damage.
Something hits you!
* * * LOW HITPOINT WARNING * * *
The spriggan rider misses you.
The death knight hits you with a +1 battleaxe.
* * * LOW HITPOINT WARNING * * *
You hear some strange, mumbled words.
Something tries to affect you, but you resist.
Your iron troll closely misses something.
Your iron troll claws something.
Your iron troll claws something!!
Something hits you.
* * * LOW HITPOINT WARNING * * *
The spriggan rider hits you from afar with a +0 spear.
* * * LOW HITPOINT WARNING * * *
Unknown command.
You feel much better. Something hits you.
* * * LOW HITPOINT WARNING * * *
Something hits you.
* * * LOW HITPOINT WARNING * * *
Something barely misses you.
The death knight mumbles some strange prayers to Yredelemnul against you.
Your body is wracked with pain!
* * * LOW HITPOINT WARNING * * *
Your iron troll bites something but does no damage.
Your iron troll claws something!!
Trog accepts your kill.
Trog appreciates your killing of a magic user.
Trog grants you a weapon! Something appears at your feet!
You see here a +3 halberd of flaming.
Reactivating autopickup.
You feel a bit more experienced. The spriggan rider barely misses you.
Something hits you!
* * * LOW HITPOINT WARNING * * *
Deactivating autopickup; reactivate with Ctrl-A.
The death knight hits you with a +1 battleaxe!!
You die...

+.. ....#..
+..........#
#..........#
#..#....#..#
+..........#
+..........#
#..#....#..#
#.T@.......+
#...p......+
###i'####''#
###''####''#########
#......##...........
#.#(##.##....รท).....
#.#.) .##..#########
# '.[# ##..# #=.'
#..#


You could see a death knight, a spriggan rider (ally target) and a friendly iron
troll (summoned, berserk).

Vanquished Creatures
  Polyphemus (D)
  A yellow draconian (D)
  Harold (D)
  A boulder beetle (D)
  A catoblepas (D)
  2 alligators (D)
  An orc high priest (D)
  Urug (D)
  2 deep trolls (D)
  3 flayed ghosts (D)
  A sea snake (D)
  A bog body (D)
  A swamp dragon (D)
  A phantasmal warrior (D)
  A deep elf zephyrmancer (D)
  An orc sorcerer (D)
  2 cyclopes (D)
  An orange demon (D)
  A demonic crawler (D)
  A hellwing (D)
  2 komodo dragons (D)
  An efreet (D)
  A merfolk (D)
  A hornet (D)
  A polar bear (D)
  A tyrant leech (D)
  6 dream sheep (D)
  A wandering mushroom (D)
  5 yaks (D)
  A spriggan (D)
  A basilisk (D)
  A redback (D)
  A steam dragon (D)
  A chaos spawn (D)
  An orc warrior (D)
  An ice beast (D)
  3 centaurs (D)
  Blork the orc (D)
  A bullfrog (D)
  An earth elemental (D)
  A scorpion (D)
  4 killer bees (D)
  A crimson imp (D)
  A jelly (D)
  2 orc priests (D)
  2 orc wizards (D)
  An iguana (D)
  A hell rat (D)
  A mummy (D)
  A white imp (D)
  An adder simulacrum (D)
  6 orcs (D)
  2 endoplasms (D)
  A giant cockroach (D)
  2 goblins (D)
  2 hobgoblins (D)
  4 jackals (D)
  3 ball pythons (D)
  2 kobolds (D)
  A rat (D)
96 creatures vanquished.

Vanquished Creatures (collateral kills)
  An alligator snapping turtle (D)
  A vampire (D)
2 creatures vanquished.

Grand Total: 98 creatures vanquished

Notes
Turn   | Place    | Note
-------+----------+-------------------------------------------
     0 | D        | mhtbhm the Minotaur Berserker began the quest for the Orb.
     0 | D        | Reached XP level 1. HP: 19/19 MP: 0/0
   125 | D        | Reached skill level 4 in Axes
   125 | D        | Reached ** piety under Trog
   257 | D        | Reached *** piety under Trog
   258 | D        | Reached XP level 2. HP: 13/28 MP: 1/1
   259 | D        | Reached skill level 5 in Fighting
   259 | D        | Reached **** piety under Trog
   260 | D        | Reached skill level 5 in Axes
   529 | D        | Noticed Blork the orc
   529 | D        | Noticed an ice beast
   530 | D        | Noticed a centaur
   538 | D        | Killed Blork the orc
   539 | D        | Reached skill level 7 in Axes
   539 | D        | Reached XP level 3. HP: 39/39 MP: 2/2
   539 | D        | Reached XP level 4. HP: 47/47 MP: 3/3
   540 | D        | Killed an ice beast
   540 | D        | Reached ***** piety under Trog
   541 | D        | Reached skill level 8 in Axes
   541 | D        | Reached skill level 5 in Armour
   541 | D        | Reached XP level 5. HP: 56/56 MP: 4/4
   542 | D        | Reached skill level 9 in Axes
   542 | D        | Reached skill level 5 in Dodging
   542 | D        | Reached skill level 1 in Stealth
   545 | D        | Killed a centaur
   546 | D        | Reached skill level 10 in Axes
   546 | D        | Reached XP level 6. HP: 64/64 MP: 5/5
   679 | D        | Noticed a redback
   683 | D        | Killed a redback
   684 | D        | Reached skill level 10 in Fighting
   684 | D        | Reached skill level 11 in Axes
   689 | D        | Received a gift from Trog
   827 | D        | Noticed an alligator snapping turtle
   827 | D        | Noticed an efreet
   833 | D        | Killed an efreet
   834 | D        | Reached skill level 13 in Axes
   834 | D        | Reached XP level 7. HP: 42/75 MP: 6/6
   851 | D        | Killed an alligator snapping turtle
   852 | D        | Reached skill level 14 in Axes
   852 | D        | Reached XP level 8. HP: 23/85 MP: 7/7
  1173 | D        | Noticed a polar bear
  1179 | D        | Reached skill level 15 in Axes
  1183 | D        | Killed a polar bear
  1183 | D        | Received a gift from Trog
  1261 | D        | Noticed a sea snake
  1274 | D        | Killed a sea snake
  1275 | D        | Reached skill level 16 in Axes
  1275 | D        | Reached XP level 9. HP: 93/93 MP: 8/8
  1279 | D        | Noticed an orange demon
  1279 | D        | Noticed a flayed ghost
  1286 | D        | Killed a flayed ghost
  1287 | D        | Reached skill level 17 in Axes
  1287 | D        | Reached skill level 10 in Armour
  1291 | D        | Killed an orange demon
  1546 | D        | Noticed a bog body
  1547 | D        | Noticed a flayed ghost
  1547 | D        | Noticed a wandering mushroom
  1547 | D        | Noticed an orc sorcerer
  1550 | D        | Killed an orc sorcerer
  1551 | D        | Reached skill level 18 in Axes
  1555 | D        | Killed a flayed ghost
  1555 | D        | Received a gift from Trog
  1556 | D        | Reached skill level 10 in Dodging
  1556 | D        | Reached XP level 10. HP: 104/104 MP: 9/9
  1557 | D        | Killed a bog body
  1563 | D        | Reached skill level 15 in Fighting
  1563 | D        | Reached skill level 19 in Axes
  1604 | D        | Noticed a catoblepas
  1607 | D        | Reached ****** piety under Trog
  1607 | D        | Received a gift from Trog
  1614 | D        | Killed a catoblepas
  1716 | D        | Received a gift from Trog
  1780 | D        | Noticed a swamp dragon
  1789 | D        | Killed a swamp dragon
  1790 | D        | Reached skill level 20 in Axes
  1790 | D        | Reached skill level 1 in Shields
  1792 | D        | Reached skill level 5 in Stealth
  1946 | D        | Noticed Urug
  1946 | D        | Noticed a deep troll
  1951 | D        | Killed Urug
  1952 | D        | Reached XP level 11. HP: 85/115 MP: 10/10
  1952 | D        | Killed a deep troll
  1956 | D        | Received a gift from Trog
  2199 | D        | Noticed a deep troll
  2204 | D        | Noticed a boulder beetle
  2212 | D        | Received a gift from Trog
  2213 | D        | Killed a deep troll
  2220 | D        | Killed a boulder beetle
  2220 | D        | Received a gift from Trog
  2474 | D        | Reached skill level 21 in Axes
  2483 | D        | Received a gift from Trog
  2727 | D        | Noticed a deep elf zephyrmancer
  2727 | D        | Noticed a flayed ghost
  2737 | D        | Killed a flayed ghost
  2749 | D        | Killed a deep elf zephyrmancer
  2960 | D        | Noticed Harold
  2960 | D        | Noticed an alligator
  2962 | D        | Noticed an alligator
  2966 | D        | Killed an alligator
  2966 | D        | Received a gift from Trog
  2970 | D        | Killed an alligator
  2977 | D        | Killed Harold
  3021 | D        | Noticed a phantasmal warrior
  3027 | D        | Killed a phantasmal warrior
  3028 | D        | Reached XP level 12. HP: 92/132 MP: 11/11
  3035 | D        | Received a gift from Trog
  3162 | D        | Noticed an orc high priest
  3170 | D        | Killed an orc high priest
  3170 | D        | Received a gift from Trog
  3171 | D        | Reached skill level 5 in Shields
  3240 | D        | Found the +8 arc blade {discharge, rElec}
  3240 | D        | Noticed a yellow draconian
  3240 | D        | Noticed a death knight
  3240 | D        | Noticed Polyphemus
  3251 | D        | Killed a yellow draconian
  3252 | D        | Reached skill level 22 in Axes
  3258 | D        | Killed Polyphemus
  3268 | D        | Received a gift from Trog
  3268 | D        | Demolished by a death knight

Illustrated notes

Levels and vault maps discovered:
D:        pitsprint [storerooms_1, entrance_room_1, metal_vault_1, armoury_1,
          mini_pit_1, grid_room_1, main_hall_1, silver_pit, the_coven_3,
          the_vestibule_1, steel_vault_4, golden_pit, hallway_of_sentries,
          crystal_vault_2, iron_vault_3, final_vault]

Skill      XL: |  1  2  3  4  5  6  7  8  9 10 11 12 |
---------------+-------------------------------------+-----
Fighting       | 4 7 8 9 11 12 13 14 16 19 20 | 20.7
Axes           | 4 7 8 10 13 14 16 18 20 21 22 | 22.2
Armour         | 4 5 7 8 9 11 12 14 | 14.9
Dodging        | 4 5 7 8 10 11 12 13 | 13.3
Stealth        | 1 2 3 5 6 |  6.5
Shields        | 1 4 6 |  6.7

Action                   |  1- 3 |  4- 6 |  7- 9 | 10-12 || total
-------------------------+-------+-------+-------+-------++-------
Melee: Hand axe          |    25 |    28 |    42 |     6 ||   101
       Headbutt          |     1 |     5 |    14 |    20 ||    40
       Punch             |     1 |       |       |       ||     1
       Broad axe         |       |       |       |   127 ||   127
       War axe           |       |       |       |     8 ||     8
Invok: Berserk           |     1 |     1 |     2 |     3 ||     7
       Brothers in Arms  |       |       |     1 |     1 ||     2
  Use: Scroll            |       |       |     1 |     1 ||     2
       Potion            |       |       |       |     4 ||     4
 Stab: Petrified         |       |       |       |     4 ||     4
Armor: Animal skin       |     2 |       |       |       ||     2
       Chain mail        |     1 |     5 |       |       ||     6
       Scale mail        |       |       |    21 |    13 ||    34
       Swamp dragon scal |       |       |       |    38 ||    38
Dodge: Dodged            |    14 |     9 |    24 |    66 ||   113
Block: Buckler           |       |       |       |    43 ||    43

Table legend: (Time is in decaauts)
 A = Elapsed time spent in this place.
 B = Non-inter-level travel time spent in this place.
 C = Inter-level travel time spent in this place.
 D = Time resting spent in this place.
 E = Time spent auto-exploring this place.
 F = Levels seen in this place.
 G = Mean time per level.
                   A        B        C        D        E       F      G
               +--------+--------+--------+--------+--------+-----+--------+
         Total |   3247 |   3247 |      0 |   2335 |      0 |   1 | 3247.0 |
       Dungeon |   3247 |   3247 |      0 |   2335 |      0 |   1 | 3247.0 |
               +--------+--------+--------+--------+--------+-----+--------+

Top non-repeatable levels by time:
       D: 3247 daAuts
